AoeStats
← Johannes Kepler

Arabia

503505461Analyzed
1v1 RM · 1mo ago on Sep 1, 2026· 55m 24s· 2 players
Game mode
Random Map
Map size
Tiny (2 player)
Population
200
Speed
Normal
Resources
Standard
Victory
Conquest
Starting age
Dark Age
Ending age
Imperial Age
RankedLock teamsTeams togetherTeam positionsShared explorationLock speedFull tech treeHidden civsTurbo modeCheats
Victory
Defeat
🇧🇷 Berbers · Brazil
988
+14
🇧🇷 Bohemians · Brazil
947
-14
Johannes Kepler
9:01 Loom
11:07 Feudal Age
12:03 Double-Bit Axe
12:01 Horse Collar
21:26 Castle Age
21:48 Fletching
23:04 Bow Saw
23:44 Treadmill Crane
27:09 Heavy Plow
30:27 Bodkin Arrow
37:27 Imperial Age
36:00 Light Cavalry
38:47 Ballistics
39:29 Chemistry
42:43 Chemistry
LangsTrom
8:26 Loom
11:01 Feudal Age
11:11 Man-at-Arms
14:54 Fletching
15:42 Arson
18:28 Double-Bit Axe
22:13 Castle Age
21:01 Bloodlines
21:13 Horse Collar
22:02 Padded Archer Armor
23:43 Husbandry
24:14 Stone Mining
24:26 Elite Skirmisher
30:37 Wheelbarrow
34:33 Imperial Age
34:05 Gold Mining
35:10 Cavalier
36:10 Bow Saw
36:45 Hand Cart
38:32 Stone Shaft Mining
38:38 Conscription
39:32 Pikeman
40:12 Squires
41:45 Chemistry
43:54 Heavy Plow
45:08 Fortified Wall
45:19 Ballistics
47:40 Maghrebi Camels
47:59 Forging
52:01 Town Watch
54:34 Town Patrol
55:27 Gold Shaft Mining
55:47 Heated Shot
55:53 Murder Holes
55:39 Treadmill Crane
Connection lost

Rejoining the realm…

Still unreachable

The connection could not be restored.

Session expired

The server has moved on; the page needs a fresh start.